 Dungeon Crawl Stone Soup version 0.15.2 (webtiles) character file.

15 bwiles81 the Twirler (level 2, -1/25 HPs)
             Began as a Minotaur Gladiator on Dec 15, 2014.
             Slain by Sigmund
             ... wielding a +3 scythe of flaming
              (6 damage)
             ... on Level 2 of the Dungeon.
             The game lasted 00:02:20 (805 turns).

bwiles81 the Twirler (Minotaur Gladiator)            Turns: 805, Time: 00:02:20

HP  -1/25        AC  4     Str 19      XL: 2   Next: 34%
MP   1/1         EV 12     Int  5      God:
Gold 120         SH  0     Dex 10      Spells:  0 memorised,  1 level left

rFire  . . .     SeeInvis .     a - +0 quarterstaff
rCold  . . .     Clarity  .     b - +0 leather armour
rNeg   . . .     rCorr    .     (no shield)
rPois  .         rRot     .     c - +0 hat
rElec  .         Spirit   .     l - +0 cloak
SustAb .         Warding  .     (no gloves)
rMut   .         Stasis   .     (no boots)
Gourm  .                        (no amulet)
MR     .....                    (no ring)
                                (no ring)

@: not resistant to hostile enchantments, very unstealthy
A: retaliatory headbutt, horns 2
a: no special abilities


You were on level 2 of the Dungeon.
You were not hungry.

You visited 1 branch of the dungeon, and saw 2 of its levels.

You collected 120 gold pieces.

Inventory:

Hand weapons
 a - a +0 quarterstaff (weapon)
Missiles
 d - 3 throwing nets (quivered)
Armour
 b - a +0 leather armour (worn)
 c - a +0 hat (worn)
 l - a +0 cloak (worn)
Comestibles
 f - a bread ration
 k - a royal jelly
Scrolls
 e - a scroll of remove curse {unknown}
 g - a scroll of random uselessness {unknown}
 h - 2 scrolls of teleportation {unknown}
 i - a scroll of noise {unknown}
 j - a scroll of identify {unknown}
Jewellery
 n - an uncursed ring of protection from fire {unknown}


   Skills:
 + Level 2.7 Fighting
 * Level 4.0 Staves
 - Level 2.0 Throwing
 + Level 1.0 Armour
 + Level 3.4 Dodging


You had one spell level left.
You didn't know any spells.

Dungeon Overview and Level Annotations

Branches:
Dungeon (2/15)

Altars:

Annotations:
D:2 Sigmund


Innate Abilities, Weirdness & Mutations

You reflexively headbutt those who attack you in melee.
You have a pair of horns on your head.


Message History

Sigmund shouts!
Drink which item? (? for menu, Esc to quit)
You feel refreshed.
It was a potion of restore abilities.
Sigmund casts a spell.
Sigmund flickers and vanishes!
Deactivating autopickup; reactivate with Ctrl-A.
Unknown command.
Something hits you but does no damage.
You barely miss something. Something hits you! Something burns you.
You hit something but do no damage. Your headbutt misses something.
Something hits you. Something burns you.
You closely miss something. Something hits you.
* * * LOW HITPOINT WARNING * * *
Something burns you.
* * * LOW HITPOINT WARNING * * *
You hit something. You closely miss something. You headbutt something.
Something hits you but does no damage.
You closely miss something. Your headbutt misses something. Something hits you.
You die...

. ...
......############
........@........#
.....###########.#
. #.# #.# #.# #.#
#.# #.# #.#


There were no monsters in sight!

Vanquished Creatures
  4 bats (D:1)
  2 hobgoblins (D:1)
  5 kobolds (D:1)
  A giant cockroach (D:1)
  A giant newt (D:1)
  2 rats (D:1)
15 creatures vanquished.

Vanquished Creatures (others)
  A draconian (D:1)
  A gargoyle (D:1)
  2 vine stalkers (D:1)
  3 elves (D:1)
  2 trolls (D:1)
  A formicid (D:1)
  A human (D:1)
  2 nagas (D:1)
  2 centaurs (D:1)
  13 tentacles (D:1)
  23 tentacle segments (D:1)
51 creatures vanquished.

Grand Total: 66 creatures vanquished

Notes
Turn   | Place    | Note
--------------------------------------------------------------
     0 | D:1      | bwiles81, the Minotaur Gladiator, began the quest for the Orb.
     0 | D:1      | Reached XP level 1. HP: 18/18 MP: 1/1
     2 | D:1      | Noticed an elf
     2 | D:1      | Noticed a gargoyle
     2 | D:1      | Noticed a draconian
     2 | D:1      | Noticed a formicid
     2 | D:1      | Noticed a vine stalker
     2 | D:1      | Noticed a vine stalker
     2 | D:1      | Noticed a centaur
     2 | D:1      | Noticed a kraken
     2 | D:1      | Noticed a human
     2 | D:1      | Noticed a naga
     2 | D:1      | Noticed a naga
     2 | D:1      | Noticed a centaur
     2 | D:1      | Noticed a troll
     2 | D:1      | Noticed a troll
     2 | D:1      | Noticed an elf
     2 | D:1      | Noticed an elf
     3 | D:1      | Killed a naga
     3 | D:1      | Killed a centaur
     5 | D:1      | Killed a vine stalker
     6 | D:1      | Killed a naga
     7 | D:1      | Killed a troll
     7 | D:1      | Killed a formicid
     8 | D:1      | Killed a centaur
     9 | D:1      | Killed a troll
    10 | D:1      | Killed an elf
    11 | D:1      | Killed an elf
    14 | D:1      | Killed an elf
    19 | D:1      | Killed a vine stalker
    19 | D:1      | Killed a human
    20 | D:1      | Killed a gargoyle
    23 | D:1      | Killed a draconian
   237 | D:1      | Reached XP level 2. HP: 25/25 MP: 1/1
   277 | D:1      | Reached skill level 4 in Staves
   694 | D:1      | Reached skill level 1 in Armour
   794 | D:2      | Noticed Sigmund
   805 | D:2      | Slain by Sigmund

Action                   || total
-------------------------++-------
Melee: Quarterstaff      ||    27
  Use: Potion            ||     1
